 Dungeon Crawl Stone Soup version 0.31-a0-851-g7ff8af7976 (webtiles) character file.

Game seed: 11853690617623751801

152 croobank the Sneak (level 5, 0/37 HPs)
             Began as an Octopode Delver on Oct 6, 2023.
             Slain by an adder (4 damage)
             ... in a sewer.
             The game lasted 00:04:51 (485 turns).

croobank the Sneak (Octopode Delver)                 Turns: 485, Time: 00:04:51

Health: 0/37       AC:  1    Str: 11    XL:     5   Next: 34%
Magic:  5/5        EV: 14    Int: 15    God:
Gold:   25         SH:  0    Dex: 13    Spells: 4/4 levels left

rFire   . . .        a - +0 short sword
rCold   . . .        (no shield)
rNeg    . . .        (helmet restricted)
rPois   .            (no amulet)
rElec   .            (no ring)
rCorr   .            (no ring)
SInv    .            (no ring)
Will    .....        (no ring)
Stlth   +++++        (no ring)
HPRegen 0.26/turn    (no ring)
MPRegen 0.09/turn    (no ring)
                     (no ring)

%: no passive effects
@: lethally poisoned (0 -> -3), hasted, very quick
A: almost no armour, amphibious, 8 rings, camouflage 1, gelatinous body 1,
(nimble swimmer 1), tentacles
a: no special abilities


You were in a sewer.
You visited 1 branch of the dungeon, and saw 3 of its levels.
You also visited: Sewer.

You collected 25 gold pieces.

Inventory:

Hand Weapons
 a - a +0 short sword (weapon)
 b - a +0 sling
Wands
 f - a wand of digging (2)
Scrolls
 d - a scroll of brand weapon {unknown}
 g - a scroll of fog
 h - a scroll of fear
Potions
 c - a potion of enlightenment {unknown}


   Skills:
 + Level 3.8 Fighting
 + Level 3.1 Short Blades
 + Level 3.1 Dodging
 + Level 7.5 Stealth


You had 4 spell levels left.
You didn't know any spells.
Your spell library was empty.

Dungeon Overview and Level Annotations

Branches:
Dungeon (6/15)             Temple (0/1) D:4           Sewer (1/1)

Altars:


Innate Abilities, Weirdness & Mutations

You cannot wear most types of armour.
You are amphibious.
You can wear up to eight rings at the same time.
Your skin changes colour to match your surroundings (Stealth+).
Your rubbery body absorbs attacks. (AC +1, EV +1)
((You are camouflaged when in or above water. (Stealth+)))
You have tentacles for arms and can constrict up to eight enemies at once.


Message History

The adder is almost dead.
You constrict the adder.
You kill the adder!
You feel sick. The ball python misses you. The ball python closely misses you.
The adder closely misses you.
You miss the adder. Your grab misses the adder.
You feel sick. The ball python closely misses you. The ball python grabs you.
The ball python constricts you. The adder closely misses you.
You hit the ball python.
You kill the ball python!
The adder barely misses you.
You miss the adder. Your grab misses the adder. Your squeeze misses the adder.
You feel sick. The adder completely misses you.
You closely miss the adder. Your grab misses the adder.
Your squeeze misses the adder.
You feel sick. The adder misses you. The rat bites you. The rat misses you.
You hit the adder. You grab the adder.
The adder is moderately wounded.
You constrict the adder.
You feel sick. The adder bites you.
You barely miss the adder.
You squeeze the adder, but do no damage.
The adder is heavily wounded.
You constrict the adder.
You feel sick.
You are no longer poisoned.
The adder bites you.
You are poisoned.
The adder poisons you! The ball python bites you.
The ball python barely misses you. The rat bites you. x2
* * * LOW HITPOINT WARNING * * *
The adder closely misses you. The ball python bites you.
* * * LOW HITPOINT WARNING * * *
The ball python misses you.
You are too injured to fight recklessly!
You are too injured to fight recklessly!
You are too injured to fight recklessly!
You feel yourself speed up.
You constrict the adder.
You feel sick. The rat misses you. The rat bites you.
* * * LOW HITPOINT WARNING * * *
The adder bites you.
You die...

#### ####..r####
#.....S@..#### #
......Sr.....##
##
......#......†#
#.
...##+##......##
##. .. ##......#
#.. . #.....##
##. #≈≈≈~~~# #≈≈
#≈≈≈~≈≈# #≈≈
#≈~~≈≈≈# #≈≈


You could see an adder, a ball python and 2 rats.

Vanquished Creatures
  A hound (D:4)
  An iguana (D:5)
  5 adders
  3 river rats (Sewer)
  A worm (D:4)
  An orc (D:6)
  3 endoplasms (Sewer)
  4 ball pythons (Sewer)
  A bat (D:4)
  A frilled lizard (Sewer)
  16 rats (Sewer)
37 creatures vanquished.

Notes
Turn   | Place    | Note
-------+----------+-------------------------------------------
     0 | D:5      | croobank the Octopode Delver began the quest for the Orb.
     0 | D:5      | Reached XP level 1. HP: 16/16 MP: 1/1
    22 | D:6      | Reached XP level 2. HP: 21/21 MP: 2/2
    35 | D:6      | Noticed an ice beast
   118 | D:5      | Reached skill level 7 in Stealth
   118 | D:5      | Reached XP level 3. HP: 26/26 MP: 3/3
   142 | D:5      | Noticed a scorpion
   168 | D:4      | Found a glowing drain.
   180 | D:4      | Reached XP level 4. HP: 31/31 MP: 4/4
   188 | D:4      | Noticed a bullfrog
   210 | Sewer    | Entered a sewer
   384 | Sewer    | Reached XP level 5. HP: 33/37 MP: 5/5
   485 | Sewer    | Slain by an adder

Illustrated notes

Levels and vault maps discovered:
D:4:      layout_basic, bloody_trog, minmay_temple_entry_water_ring,
          cheibrodos_sewer_entry_sluice, cheibrodos_gnoll_hut, uniq_menkaure,
          uniq_grinder
D:5:      layout_cave_pods, chequers_temple_overflow_statue_of_worship
D:6:      layout_loops_ring, grunt_decor_cap, uniq_duvessa, uniq_pikel,
          uniq_sigmund
Sewer:    sewer_minmay_w

Skill      XL: |  1  2  3  4 |
---------------+-------------+-----
Stealth        | 7 |  7.5
Short Blades   | 3 |  3.1
Dodging        | 3 |  3.1
Fighting       | |  3.8

Action                     |  1- 3 |  4- 6 || total
---------------------------+-------+-------++-------
  Melee: Short sword       |    17 |    64 ||    81
         Tentacles         |     4 |    14 ||    18
         Constrict         |     4 |    14 ||    18
         Punch             |       |     1 ||     1
  Evoke: Wand              |     1 |       ||     1
    Use: Scroll            |     2 |       ||     2
         Potion            |       |     1 ||     1
   Stab: Sleeping          |     2 |     8 ||    10
 Armour: Skin              |     4 |    24 ||    28
  Dodge: Dodged            |    13 |    42 ||    55

Table legend: (Time is in decaauts)
 A = Elapsed time spent in this place.
 B = Non-inter-level travel time spent in this place.
 C = Inter-level travel time spent in this place.
 D = Time resting spent in this place.
 E = Time spent auto-exploring this place.
 F = Levels seen in this place.
 G = Mean time per level.
                   A        B        C        D        E       F      G
               +--------+--------+--------+--------+--------+-----+--------+
         Total |    473 |    473 |      0 |     86 |    113 |   4 |  118.2 |
       Dungeon |    207 |    207 |      0 |     16 |     31 |   3 |   69.0 |
         Sewer |    266 |    266 |      0 |     70 |     82 |   1 |  266.0 |
               +--------+--------+--------+--------+--------+-----+--------+

Top non-repeatable levels by time:
   Sewer: 266 daAuts
     D:6: 76 daAuts
     D:5: 76 daAuts
     D:4: 53 daAuts
